 Dungeon Crawl Stone Soup version 0.24-a0-725-gf1a930fc54 (webtiles) character file.

Game seed: 10149249063265724182, levelgen mode: deterministic

70 Kohma the Chopper (level 4, 0/40 HPs)
             Began as a Hill Orc Abyssal Knight on Oct 1, 2019.
             Was a Follower of Lugonu.
             Slain by a sky beast (6 damage)
             ... on level 3 of the Dungeon.
             The game lasted 00:06:13 (2158 turns).

Kohma the Chopper (Hill Orc Abyssal Knight)         Turns: 2158, Time: 00:06:14

Health: 0/40       AC:  7    Str: 15    XL:     4   Next: 21%
Magic:  6/6        EV:  9    Int: 12    God:    Lugonu [*.....]
Gold:   84         SH:  0    Dex: 10    Spells: 3/3 levels left

rFire    . . .     SeeInvis .   a - +1 hand axe
rCold    . . .     Gourm    .   (no shield)
rNeg     . . .     Faith    .   q - +0 scale mail
rPois    .         Spirit   .   (no helmet)
rElec    .         Reflect  .   (no cloak)
rCorr    .         Harm     .   (no gloves)
MR       .....                  h - +0 pair of boots
Stlth    ..........             (no amulet)
HPRegen  0.13/turn              (no ring)
MPRegen  0.10/turn              (no ring)

@: no status effects
A: no striking features
a: Depart the Abyss, Renounce Religion


You were on level 3 of the Dungeon.
You worshipped Lugonu.
Lugonu was aware of your devotion.
You were not hungry.

You visited 1 branch of the dungeon, and saw 3 of its levels.
You visited the Abyss 1 time.

You collected 84 gold pieces.

Inventory:

Hand Weapons
 a - a +1 hand axe (weapon)
 b - a +1 hunting sling of flaming
Missiles
 f - 19 sling bullets
 n - 119 stones (quivered)
 t - 7 silver boomerangs
Armour
 h - a +0 pair of boots (worn)
 q - a +0 scale mail (worn)
Jewellery
 j - an uncursed ring of resist corrosion {unknown}
Scrolls
 i - 2 scrolls of remove curse
 l - 6 scrolls of identify {unknown}
 m - a scroll of amnesia {unknown}
 s - a scroll of random uselessness {unknown}
 u - a scroll of enchant weapon {unknown}
Potions
 d - a potion of haste {unknown}
 e - a potion of lignification {unknown}
 g - 2 potions of heal wounds {unknown}
 k - 3 potions of curing {unknown}
 o - a potion of ambrosia {unknown}
Comestibles
 c - 4 rations
 p - 3 chunks of flesh


   Skills:
 + Level 4.2 Fighting
 * Level 4.2 Axes
 + Level 2.8 Armour
 - Level 0.7 Dodging
 + Level 3.2 Invocations


You had 3 spell levels left.
You didn't know any spells.
Your spell library was empty.

Dungeon Overview and Level Annotations

Branches:
Dungeon (3/15)

Altars:


Message History

Reactivating autopickup.
The sky beast hits you but does no damage.
You barely miss the sky beast.
The sky beast is heavily wounded.
The sky beast hits you.
* * * LOW HITPOINT WARNING * * *
The sky beast shocks you.
* * * LOW HITPOINT WARNING * * *
You hit the sky beast but do no damage.
The sky beast is heavily wounded.
The sky beast misses you.
You hit the sky beast.
The sky beast is severely wounded.
The sky beast hits you but does no damage.
You barely miss the sky beast.
The sky beast is severely wounded.
The sky beast hits you.
* * * LOW HITPOINT WARNING * * *
The sky beast shocks you.
You die...

# #. #..
#... #....
#.....####
[.....Y@<#
......##...#
..... #.#.#
.... #.#...
.#. #.# ###
.$ ..# . ###


You could see a sky beast.

Vanquished Creatures
  Terence (D:2)
  A worm (D:2)
  2 dart slugs
  A leopard gecko (D:1)
  3 bats (D:1)
  A giant cockroach (D:1)
  5 goblins
  5 jackals (D:2)
  2 frilled lizards
  7 kobolds
  10 rats (D:2)
38 creatures vanquished.

Notes
Turn   | Place    | Note
-------+----------+-------------------------------------------
     0 | Abyss:1  | Kohma the Hill Orc Abyssal Knight began the quest for the
                  | Orb.
     0 | Abyss:1  | Reached XP level 1. HP: 19/19 MP: 2/2
    57 | Abyss:1  | Noticed a large abomination
    59 | Abyss:1  | Noticed a small abomination
    93 | Abyss:1  | Noticed a shock serpent zombie
   100 | Abyss:1  | Noticed a quasit
   102 | D:1      | Escaped the Abyss
   516 | D:1      | Reached XP level 2. HP: 27/27 MP: 3/3
  1143 | D:2      | Noticed Terence
  1164 | D:2      | Killed Terence
  1164 | D:2      | Reached XP level 3. HP: 23/33 MP: 5/5
  1296 | D:2      | Reached * piety under Lugonu
  1596 | D:2      | Reached XP level 4. HP: 20/40 MP: 6/6
  1986 | D:2      | Found a faded altar of an unknown god.
  2137 | D:3      | Noticed a sky beast
  2158 | D:3      | Slain by a sky beast

Levels and vault maps discovered:
D:1:      psy_arrival_basics, layout_loops_ring
D:2:      layout_basic, first_ration, chequers_ecumenical_altar_simple,
          serial_glass, glass_columns_a, glass_columns_c,
          minmay_rat_gold_closets, uniq_terence
D:3:      cheibrodos_old_hovel, layout_basic, minivault_24,
          minmay_quadrilaterals, uniq_jessica, uniq_grinder

Skill      XL: |  1  2  3 |
---------------+----------+-----
Axes           | 3 4 |  4.2
Fighting       | 4 |  4.2
Invocations    | 3 |  3.2
Armour         | |  2.8
Dodging        | |  0.7

Action                   |  1- 3 |  4- 6 || total
-------------------------+-------+-------++-------
Melee: Hand axe          |   103 |    59 ||   162
Invok: Depart the Abyss  |     1 |       ||     1
  Use: Scroll            |     2 |       ||     2
  Eat: Chunk             |     2 |     2 ||     4
Armor: Ring mail         |    35 |       ||    35
       Scale mail        |       |    33 ||    33
Dodge: Dodged            |    59 |    26 ||    85

Table legend:
 A = Non-vault XP
 B = Vault XP
 C = Vault XP percentage of total XP
 D = Non-vault monster count
 E = Vault monster count
 F = Vault count percentage of total count
                 A         B        C        D         E       F
            +---------+---------+-------+---------+---------+-------
      Total |      56 |      44 |  44.0 |      29 |       9 |  23.7
            +---------+---------+-------+---------+---------+-------
        D:1 |      27 |       0 |   0.0 |      14 |       0 |   0.0
        D:2 |      28 |      44 |  61.1 |      14 |       9 |  39.1
        D:3 |       1 |       0 |   0.0 |       1 |       0 |   0.0
            +---------+---------+-------+---------+---------+-------
